 Dungeon Sprint DCSS version 0.15-a0-1403-g2cecdf4 (webtiles) character file.

3301 PolkaDot the Imperceptible (level 9, -2/61 HPs)
             Began as a Vampire Assassin on June 11, 2014.
             Was a Believer of Dithmenos.
             Slain by Sonja
             ... wielding a +0,+0 dagger of venom
              (3 damage)
             ... in the Dungeon (Sprint I: "Red Sonja").
             The game lasted 00:11:07 (1584 turns).

PolkaDot the Imperceptible (Vampire Assassin)       Turns: 1584, Time: 00:11:07

HP  -2/61        AC  3     Str 10      XL: 9   Next: 70%
MP   9/9         EV 19     Int 13      God: Dithmenos [**....]
Gold 527         SH  0     Dex 18      Spells:  0 memorised,  8 levels left

rFire  + . .     SeeInvis +     a - +2 dagger
rCold  + + .     Clarity  .     o - +0 robe {rC+ rF+}
rNeg   + + .     rCorr    .     (no shield)
rPois  +         rRot     +     (no helmet)
rElec  .         Spirit   .     d - +0 cloak
SustAb .         Warding  .     (no gloves)
rMut   .         NoTele   +     (no boots)
Gourm  .                        (no amulet)
MR     .....                    (no ring)
                                (no ring)

@: lethally poisoned, regenerating slowly, wreathed by umbra, not resistant to
hostile enchantments, incredibly stealthy
A: bottle blood, fangs 3, see invisible, unbreathing
a: Bat Form, Bottle Blood, Shadow Step, Renounce Religion


You were in the Dungeon.
You worshipped Dithmenos.
Dithmenos was pleased with you.
You were very thirsty.

You visited 1 branch You collected 831 gold pieces.
You spent 304 gold pieces at shops.

Inventory:

Hand weapons
 a - a +2,+2 dagger (weapon)
 b - a +0 blowgun
Armour
 d - a +0 cloak (worn)
 o - a +0 robe of resistance (worn)
Scrolls
 c - a scroll of acquirement {unknown}
 h - a scroll of enchant weapon II {unknown}
 j - a scroll of fog {unknown}
 m - a scroll of blinking
 n - a scroll of remove curse {unknown}
 q - a scroll of recharging {unknown}
Potions
 g - a potion of blood {@w2}
 k - 2 potions of magic
 l - a potion of berserk rage


   Skills:
 - Level 1.7 Fighting
 * Level 8.6 Short Blades
 - Level 10.1 Throwing
 - Level 9.5 Dodging
 + Level 22.0 Stealth


You had 8 spell levels left.
You didn't know any spells.

Dungeon Overview and Level Annotations

Branches:
Dungeon (1/1)

Altars:
Cheibriados
Dithmenos
Elyvilon
Fedhas
Gozag
Kikubaaqudgha
Makhleb
Nemelex Xobeh
Okawaru
Qazlal
Sif Muna
Trog
Vehumet
Xom
Yredelemnul
Zin
The Shining One
Jiyva

Shops:
D }%[

Annotations:
D Sonja


Innate Abilities, Weirdness & Mutations

You heal slowly.
You can bottle blood from corpses.
You have razor-sharp teeth.*
You have supernaturally acute eyesight.
You can survive without breathing.*


Message History

You feel sick.
Sonja gestures wildly while chanting.
Sonja blinks!
* * * LOW HITPOINT WARNING * * *
You feel sick.
There is an open door here.
Sonja casts a spell.
Sonja blinks!
Sonja casts a spell.
Sonja blinks!
* * * LOW HITPOINT WARNING * * *
You feel sick. Sonja barely misses you. Sonja closely misses you.
Sonja closely misses you.
There is an open door here.
You miss Sonja.
Sonja is moderately wounded.
* * * LOW HITPOINT WARNING * * *
You feel sick. Sonja completely misses you. Sonja closely misses you.
Sonja hits you with an uncursed dagger of venom.
You die...

.#.)'..#__#
.'..#..'..+
'#####'#__####
.#...#%####§§####
##..##.#≈§§§)#§§#
_##'#..+§§≈§§§§§#
..'..._#≈≈≈.)#§§#
_##_.#'##'#####K###
_###'#"#.§[.###§@.#
####.####'###[###.#
..'...'.....'.∩##.#
###...###########§#
###.### #§# #.#'#.#
x.....§+.# #.....#
+######.# #.....#
JJJ..§§#§# #######
#§§#


You could see Sonja.

Vanquished Creatures
  2 centaur warriors (D)
  A deep troll (D)
  An oklob plant (D)
  A slime creature (D)
  A yak (D)
  4 trapdoor spiders (D)
  An ogre (D)
  A yellow wasp (D)
  Sigmund (D)
  A jelly (D)
  Ijyb (D)
  A giant eyeball (D)
  A giant spore (D)
  A ballistomycete (D)
18 creatures vanquished.

Vanquished Creatures (others)
  A giant spore (D)
1 creature vanquished.

Grand Total: 19 creatures vanquished

Notes
Turn   | Place    | Note
--------------------------------------------------------------
     0 | D        | PolkaDot, the Vampire Assassin, began the quest for the Orb.
     0 | D        | Reached XP level 1. HP: 16/16 MP: 1/1
     2 | D        | Noticed Ijyb
     7 | D        | Killed Ijyb
     7 | D        | Reached skill level 9 in Stealth
     7 | D        | Reached XP level 2. HP: 22/22 MP: 2/2
    10 | D        | Noticed an ogre
    27 | D        | HP: 1/22 [ogre/giant spiked club (2)]
    30 | D        | Killed an ogre
    30 | D        | Reached skill level 14 in Stealth
    30 | D        | Reached XP level 3. HP: 1/27 MP: 3/3
    30 | D        | Reached XP level 4. HP: 1/33 MP: 4/4
   346 | D        | Noticed Sigmund
   348 | D        | Killed Sigmund
   348 | D        | Reached skill level 16 in Stealth
   348 | D        | Reached XP level 5. HP: 38/38 MP: 5/5
   360 | D        | Found a deep blue altar of Sif Muna.
   361 | D        | Noticed a jelly
   362 | D        | Found a radiant altar of Vehumet.
   366 | D        | Killed a jelly
   407 | D        | Found Chauzuank's Food Emporium.
   407 | D        | Found a white marble altar of Elyvilon.
   407 | D        | Found a burning altar of Makhleb.
   407 | D        | Found a glowing golden altar of the Shining One.
   407 | D        | Found an opulent altar of Gozag.
   407 | D        | Found a glowing silver altar of Zin.
   407 | D        | Noticed a yak
   408 | D        | Found a stormy altar of Qazlal.
   408 | D        | Found a basalt altar of Yredelemnul.
   408 | D        | Found an iron altar of Okawaru.
   408 | D        | Found a sparkling altar of Nemelex Xobeh.
   408 | D        | Found a shimmering altar of Xom.
   408 | D        | Found an ancient bone altar of Kikubaaqudgha.
   409 | D        | Killed a yak
   409 | D        | Reached skill level 17 in Stealth
   409 | D        | Reached XP level 6. HP: 44/44 MP: 6/6
   410 | D        | Found a bloodstained altar of Trog.
   421 | D        | Found a snail-covered altar of Cheibriados.
   421 | D        | Found a shadowy altar of Dithmenos.
   421 | D        | Noticed a slime creature
   422 | D        | Found a viscous altar of Jiyva.
   422 | D        | Found a blossoming altar of Fedhas.
   424 | D        | Killed a slime creature
   424 | D        | Reached skill level 18 in Stealth
   424 | D        | Reached XP level 7. HP: 49/49 MP: 7/7
   436 | D        | Noticed Sonja
   513 | D        | Became a worshipper of Dithmenos the Shadowed
   536 | D        | Noticed a deep troll
   540 | D        | Killed a deep troll
   540 | D        | Reached skill level 19 in Stealth
   540 | D        | Reached XP level 8. HP: 55/55 MP: 8/8
   571 | D        | Found Taquamum's Gadget Boutique.
   598 | D        | Found Strofumef's Armour Emporium.
   603 | D        | Bought a +0 robe of resistance for 304 gold pieces
   783 | D        | Noticed a centaur warrior
   783 | D        | Noticed a centaur warrior
   786 | D        | Killed a centaur warrior
   786 | D        | Reached skill level 20 in Stealth
   787 | D        | Killed a centaur warrior
   787 | D        | Reached skill level 10 in Throwing
   787 | D        | Reached skill level 21 in Stealth
   787 | D        | Reached XP level 9. HP: 61/61 MP: 9/9
   789 | D        | Noticed a yellow wasp
   800 | D        | Killed a yellow wasp
   886 | D        | Noticed an oklob plant
   888 | D        | Killed an oklob plant
   894 | D        | Noticed a trapdoor spider
   905 | D        | Killed a trapdoor spider
  1101 | D        | Noticed a trapdoor spider
  1107 | D        | Noticed a trapdoor spider
  1110 | D        | Killed a trapdoor spider
  1110 | D        | Acquired Dithmenos' first power
  1121 | D        | Killed a trapdoor spider
  1521 | D        | Noticed an unseen horror
  1526 | D        | Noticed a trapdoor spider
  1540 | D        | Killed a trapdoor spider
  1540 | D        | Reached skill level 22 in Stealth
  1541 | D        | Noticed a pulsating lump
  1541 | D        | Noticed a pulsating lump
  1541 | D        | Noticed a pulsating lump
  1546 | D        | Paralysed by a giant eyeball for 4 turns
  1581 | D        | HP: 3/61 [poisoned by Sonja]
  1584 | D        | HP: 1/61 [poisoned by Sonja]
  1584 | D        | Slain by Sonja

Action                   |  1- 3 |  4- 6 |  7- 9 || total
-------------------------+-------+-------+-------++-------
Melee: Dagger            |     6 |     4 |    48 ||    58
 Fire: Blowgun           |    10 |       |    40 ||    50
  Use: Potion            |     1 |       |     5 ||     6
 Stab: Sleeping          |     1 |     4 |     5 ||    10
